 Dungeon Crawl Stone Soup version 0.21-a0-111-g52d2817 (webtiles) character file.

113 Ijustatesigmund the Ruffian (level 4, 0/44 HPs)
             Began as a Troll Monk on July 11, 2017.
             Slain by a gnoll
             ... wielding a +0 club
              (5 damage)
             ... on level 3 of the Dungeon.
             The game lasted 00:03:51 (1430 turns).

Ijustatesigmund the Ruffian (Troll Monk)            Turns: 1430, Time: 00:03:52

Health: 0/44       AC:  6    Str: 24    XL:     4   Next: 65%
Magic:  3/3        EV: 10    Int:  6    God:
Gold:   78         SH:  0    Dex: 13    Spells: 3/3 levels left

rFire    . . .     SeeInvis .     - Unarmed
rCold    . . .     Gourm    +   (no shield)
rNeg     . . .     Faith    .   a - +0 robe
rPois    .         Spirit   .   (helmet restricted)
rElec    .         Reflect  .   i - +0 cloak
rCorr    .         Harm     .   (gloves unavailable)
MR       .....                  (boots unavailable)
Stlth    ++........             (no amulet)
HPRegen  0.54/turn              (no ring)
MPRegen  0.08/turn              (no ring)

@: mighty
A: unfitting armour, claws 3, fast metabolism 3, gourmand, regeneration 1,
shaggy fur 1, tough skin 2
a: no special abilities


You were on level 3 of the Dungeon.
You were very full.

You visited 1 branch of the dungeon, and saw 3 of its levels.

You collected 78 gold pieces.

Inventory:

Armour
 a - a +0 robe (worn)
 i - a +0 cloak (worn)
Scrolls
 c - a scroll of magic mapping
Potions
 d - 2 potions of curing
 j - 2 potions of heal wounds {unknown}
Comestibles
 b - 4 bread rations
 f - a meat ration
 g - 2 royal jellies
 h - 2 fruits
 k - 3 chunks of flesh


   Skills:
 - Level 2.4 Fighting
 - Level 2.4 Dodging
 - Level 1.0 Stealth
 + Level 5.4 Unarmed Combat


You had 3 spell levels left.
You didn't know any spells.

Dungeon Overview and Level Annotations

Branches:
Dungeon (3/15)

Altars:


Innate Abilities, Weirdness & Mutations

You are too large for most types of armour.
You have claws for hands.
Your metabolism is lightning-fast.
You like to eat raw meat.
Your natural rate of healing is unusually fast.
You are covered in fur. (AC +1)
You have very tough skin. (AC +2)


Message History

You kill the kobold!
You climb upwards.
There is a stone staircase leading down here.
No target in view!
You climb downwards.
The gnoll hits you with a club. The gnoll hits you with a flail.
The gnoll hits you but does no damage. The gnoll hits you with a club.
The gnoll hits you with a flail.
There is a stone staircase leading up, spattered with blood here.
You feel very mighty all of a sudden. The gnoll hits you with a club.
The gnoll hits you with a club!
You claw the gnoll!
The gnoll is almost dead.
The gnoll hits you with a flail!
* * * LOW HITPOINT WARNING * * *
The gnoll hits you with a club.
* * * LOW HITPOINT WARNING * * *
You scratch the gnoll.
You kill the gnoll!
The gnoll hits you with a club.
You die...

..# ..#
#.# #.#
#.# #.#
##)#
#.###g@#
#.....g#
#......#
#......#
#......#
#.....%#
#).....#
#.>.$..#
#....$.#


You could see 2 gnolls.

Vanquished Creatures
  Jessica (D:2)
  2 gnolls
  3 adders (D:2)
  A worm (D:2)
  A dart slug (D:2)
  4 leopard geckos
  2 bats (D:1)
  4 goblins
  3 hobgoblins
  A quokka (D:2)
  4 frilled lizards
  6 kobolds
  5 rats
37 creatures vanquished.

Notes
Turn   | Place    | Note
-------+----------+-------------------------------------------
     0 | D:1      | Ijustatesigmund the Troll Monk began the quest for the Orb.
     0 | D:1      | Reached XP level 1. HP: 22/22 MP: 0/0
   311 | D:1      | Reached XP level 2. HP: 29/29 MP: 1/1
   788 | D:1      | Reached skill level 4 in Unarmed Combat
   894 | D:2      | Reached XP level 3. HP: 36/36 MP: 2/2
  1140 | D:2      | Noticed Jessica
  1147 | D:2      | Killed Jessica
  1147 | D:2      | Reached XP level 4. HP: 44/44 MP: 3/3
  1189 | D:2      | Reached skill level 5 in Unarmed Combat
  1430 | D:3      | Slain by a gnoll

Vault maps used:
D:1:      lemuel_arrival_funnel, serial_forest, infiniplex_forest_zigzag_1,
          infiniplex_forest_clump_medium, infiniplex_forest_zigzag_2,
          infiniplex_forest_lined_room_2, infiniplex_forest_clump_curved,
          infiniplex_forest_lined_3, infiniplex_forest_lined_3,
          infiniplex_forest_straight_2
D:2:      uniq_jessica
D:3:      chequers_ecumenical_altar_island, uniq_terence,
          uniq_crazy_yiuf_cottage

Skill      XL: |  1  2  3  4 |
---------------+-------------+-----
Unarmed Combat | 4 5 |  5.4
Fighting       | |  2.4
Dodging        | |  2.4
Stealth        | |  1.0

Action                   |  1- 3 |  4- 6 || total
-------------------------+-------+-------++-------
Melee: Unarmed           |    74 |    42 ||   116
       Punch             |       |     1 ||     1
  Use: Scroll            |     7 |       ||     7
       Potion            |       |     1 ||     1
 Stab: Sleeping          |       |     2 ||     2
  Eat: Chunk             |    13 |     5 ||    18
Armor: Robe              |    26 |     9 ||    35
Dodge: Dodged            |    29 |    21 ||    50
